 Dungeon Crawl Stone Soup version 0.31-a0-236-g9a0961fb85 (webtiles) character file.

Game seed: 7287113173147003819

48 qw the Shooter (level 3, -2/21 HPs)
             Began as a Gargoyle Hexslinger on July 10, 2023.
             Slain by a gnoll
             ... wielding a +0 halberd
              (9 damage)
             ... on level 2 of the Dungeon.
             The game lasted 00:00:28 (1326 turns).

qw the Shooter (Gargoyle Hexslinger)                Turns: 1326, Time: 00:00:29

Health: -2/21      AC:  5    Str: 11    XL:     3   Next: 72%
Magic:  4/4        EV: 12    Int: 13    God:
Gold:   36         SH:  0    Dex: 14    Spells: 3/4 levels left

rFire   . . .        Y - +1 sling
rCold   . . .        (no shield)
rNeg    + . .        c - +0 robe
rPois   inf          (no helmet)
rElec   +            (no cloak)
rCorr   .            (no gloves)
SInv    .            (no boots)
Will    .....        (no amulet)
Stlth   +            (no ring)
HPRegen 0.23/turn    (no ring)
MPRegen 0.09/turn

%: no passive effects
@: no status effects
A: sickness immunity, AC +3, negative energy resistance 1, electricity
resistance, torment resistance 1, petrification resistance
a: no special abilities


You were on level 2 of the Dungeon.
You visited 1 branch of the dungeon, and saw 2 of its levels.

You collected 36 gold pieces.


Innate Abilities, Weirdness & Mutations

You are immune to sickness and miasma.
Your stone body is resilient. (AC +3)
You are immune to poison.
You resist negative energy. (rN+)
You are resistant to electric shocks. (rElec)
You are resistant to unholy torment.
You are immune to petrification.


   Skills:
 - Level 2.0 Fighting
 + Level 3.6 Ranged Weapons
 - Level 1.5 Dodging
 - Level 1.0 Spellcasting
 - Level 2.6 Hexes


You had 3 spell levels left.
You knew the following spells:

 Your Spells              Type           Power      Damage    Failure   Level
a - Slow                  Hex            28%        N/A       10%         1

Your spell library contained the following spells:

 Spells                   Type           Power      Damage    Failure   Level
 Inner Flame              Hex/Fire       4%         N/A       43%         3
 Portal Projectile        Hex/Tloc       8%         N/A       43%         3
 Cause Fear               Hex            3%         N/A       67%         4

Inventory:

Hand Weapons
 Y - a +1 sling (weapon)
Armour
 c - a +0 robe (worn)
Scrolls
 a - 3 scrolls of identify
 b - a scroll of teleportation {unknown}
 d - a scroll of vulnerability {unknown}
 e - a scroll of revelation {unknown}
 f - a scroll of immolation {unknown}
 l - a scroll of fear {unknown}
Potions
 g - a potion of haste {unknown}
 h - a potion of degeneration {unknown}
 i - a potion of berserk rage {unknown}
 j - a potion of ambrosia {unknown}
 k - a potion of mutation {unknown}

Dungeon Overview and Level Annotations

Branches:
Dungeon (2/15)

Altars:
Uskayaw


Message History

You shoot a sling bullet. The sling bullet hits the worm.
The worm is severely wounded.
You shoot a sling bullet. The sling bullet hits the worm.
The worm is severely wounded.
You shoot a sling bullet. The sling bullet hits the worm.
The worm is almost dead.
A gnoll comes into view. It is wielding a +0 halberd.
A gnoll comes into view. It is wielding a +0 flail.
You shoot a sling bullet.
The sling bullet barely misses the worm.
The gnoll shouts! x2
You shoot a sling bullet. The sling bullet hits the worm!
You kill the worm!
You shoot a sling bullet.
The sling bullet barely misses the gnoll.
You shoot a sling bullet.
The sling bullet barely misses the gnoll.
The gnoll barely misses you.
You shoot a sling bullet. The sling bullet hits the gnoll.
The gnoll is lightly wounded.
The gnoll barely misses you.
You shoot a sling bullet. The sling bullet hits the gnoll.
The gnoll is lightly wounded.
The gnoll hits you from afar with a +0 halberd.
The gnoll hits you with a +0 flail!
You shoot a sling bullet.
The sling bullet barely misses the gnoll.
The gnoll hits you but does no damage. The gnoll hits you with a +0 flail.
You shoot a sling bullet.
The sling bullet closely misses the gnoll.
The gnoll closely misses you. x2; The gnoll barely misses you.
The gnoll misses you.
You shoot a sling bullet. The sling bullet hits the gnoll.
The gnoll is heavily wounded.
The gnoll barely misses you. The gnoll hits you but does no damage.
You shoot a sling bullet. The sling bullet hits the gnoll.
The gnoll is severely wounded.
The gnoll hits you but does no damage.
The gnoll hits you from afar with a +0 halberd!
You die...

#.# ..# ..# #.#
### #>#
#.##############
..#
##...............
###.#
#..........g.....
....#
#..#.............
#####.
#..#.#...@g......
......
#..#.#.##########
########..#.#.#
............#.#
######....#.#.#
###.#..#.#.#
#.....%..#.#
#.#.##)###.#
####...#......#


You could see 2 gnolls.

Vanquished Creatures
  A gnoll (D:2)
  An adder (D:2)
  A worm (D:2)
  A dart slug (D:2)
  3 ball pythons
  4 bats
  2 goblins (D:2)
  2 hobgoblins (D:1)
  A kobold (D:1)
  2 quokkas (D:2)
  2 frilled lizards
  5 rats
25 creatures vanquished.

Notes
Turn   | Place    | Note
-------+----------+-------------------------------------------
     0 | D:1      | qw the Gargoyle Hexslinger began the quest for the Orb.
     0 | D:1      | Reached XP level 1. HP: 12/12 MP: 2/2
     0 | D:1      | 0 ||| qw: Version: 0.3-a-52-g30416fa
     0 | D:1      | 0 ||| qw: Game counter: 4930
     0 | D:1      | 0 ||| qw: Melee chars always use a shield: true
     0 | D:1      | 0 ||| qw: God list: Okawaru
     0 | D:1      | 0 ||| qw: Allow faded altars: false
     0 | D:1      | 0 ||| qw: Do Orc after clearing Dungeon:15 true
     0 | D:1      | 0 ||| qw: Do second Lair branch before Depths: true
     0 | D:1      | 0 ||| qw: Lair rune preference: random
     0 | D:1      | 0 ||| qw: Goals: Normal
     0 | D:1      | 0 ||| PLANNING D:1-11
   298 | D:1      | Reached XP level 2. HP: 16/16 MP: 3/3
   536 | D:1      | 536 ||| READING 3 scrolls labelled BAYNIOPEZI.
   537 | D:1      | 537 ||| READING scroll labelled TIANWORR DIADA.
   538 | D:1      | 538 ||| DRINKING 2 coppery potions.
   575 | D:1      | 575 ||| READING 2 scrolls of identify.
   575 | D:1      | 575 ||| IDENTIFYING murky white potion
   576 | D:1      | 576 ||| DROPPING scroll of poison.
   577 | D:1      | 577 ||| DROPPING potion of lignification.
   578 | D:1      | 578 ||| DROPPING potion of magic.
   658 | D:2      | Reached skill level 3 in Ranged Weapons
   937 | D:2      | Found a hide-covered altar of Uskayaw.
   989 | D:2      | Reached XP level 3. HP: 21/21 MP: 4/4
  1239 | D:2      | 1239 ||| Stepping ~*~*~tactically~*~*~ (outnumbered).
  1326 | D:2      | Slain by a gnoll

Levels and vault maps discovered:
D:1:      dpeg_arrival_pond, layout_loops_cross, hex_medium,
          nrook_mini_backslash, serial_bayou_ford_a
D:2:      layout_basic, basic_altar

Skill      XL: |  1  2  3 |
---------------+----------+-----
Ranged Weapons | 3 |  3.6
Fighting       | 2 |  2.0
Dodging        | |  1.5
Spellcasting   | |  1.0
Hexes          | |  2.6

Action                     || total
---------------------------++-------
   Fire: Sling             ||   103
    Use: Scroll            ||     3
         Potion            ||     1
 Armour: Robe              ||    21
  Dodge: Dodged            ||    32

Table legend:
 A = Non-vault XP
 B = Vault XP
 C = Vault XP percentage of total XP
 D = Non-vault monster count
 E = Vault monster count
 F = Vault count percentage of total count
                 A         B        C        D         E       F
            +---------+---------+-------+---------+---------+-------
      Total |      69 |       0 |   0.0 |      25 |       0 |   0.0
            +---------+---------+-------+---------+---------+-------
        D:1 |      14 |       0 |   0.0 |       8 |       0 |   0.0
        D:2 |      55 |       0 |   0.0 |      17 |       0 |   0.0
            +---------+---------+-------+---------+---------+-------
